 Dungeon Crawl Stone Soup version 0.27.1-4-g1640c2035a (webtiles) character file.

Game seed: 16111126636492734477

432 Findor the Firebug (level 7, -6/46 HPs)
             Began as a Human Fire Elementalist on Nov 5, 2021.
             Mangled by an orc warrior (9 damage)
             ... in the Ecumenical Temple.
             The game lasted 00:08:33 (4434 turns).

Findor the Firebug (Human Fire Elementalist)        Turns: 4434, Time: 00:08:33

Health: -6/46      AC:  7    Str:  8    XL:     7   Next: 20%
Magic:  11/13      EV: 12    Int: 18    God:
Gold:   105        SH:  5    Dex: 13    Spells: 9/14 levels left

rFire    . . .     SeeInvis .   b - +4 dagger (venom)
rCold    . . .     Faith    .   (no shield)
rNeg     . . .     Spirit   .   d - +0 robe
rPois    .         Reflect  +   o - +2 helmet
rElec    .         Harm     .   m - +0 cloak
rCorr    .         Rampage  .   f - +0 pair of gloves
Will     .....                  (no boots)
Stlth    ++........             l - amulet of reflection
HPRegen  0.15/turn              (no ring)
MPRegen  0.13/turn              (no ring)

@: invisible
A: no striking features
a: no special abilities


You were in the Ecumenical Temple.
You visited 2 branches of the dungeon, and saw 5 of its levels.

You collected 105 gold pieces.


   Skills:
 - Level 2.0 Dodging
 - Level 2.0 Stealth
 + Level 4.1 Spellcasting
 + Level 4.0 Conjurations
 + Level 5.0 Fire Magic


You had 9 spell levels left.
You knew the following spells:

 Your Spells              Type           Power      Damage    Failure   Level
a - Foxfire               Conj/Fire      80%        2x1d8     2%          1
q - Sticky Flame          Conj/Fire      20%        2d4       22%         4

Your spell library contained the following spells:

 Spells                   Type           Power      Damage    Failure   Level
 Conjure Flame            Conj/Fire      20%        6-21      7%          3
 Beastly Appendage        Tmut           6%         N/A       14%         1
 Inner Flame              Hex/Fire       12%        N/A       16%         3
 Wereblood                Tmut           3%         N/A       22%         2
 Gell's Gravitas          Tloc           1%         N/A       41%         3
 Ozocubu's Armour         Ice            3%         N/A       41%         3
 Spider Form              Tmut/Pois      1%         N/A       41%         3
 Teleport Other           Tloc           3%         N/A       41%         3
 Fireball                 Conj/Fire      10%        3d6       54%         5
 Metabolic Englaciation   Hex/Ice        1%         N/A       99%         5
 Dispersal                Tloc           1%         N/A       100%        6
 Simulacrum               Ice/Necr       1%         N/A       100%        6

Inventory:

Hand Weapons
 b - a +4 dagger of venom (weapon)
   (You took it off a kobold on level 2 of the Dungeon)
Armour
 d - a +0 robe (worn)
 f - a +0 pair of gloves (worn)
   (You found it on level 1 of the Dungeon)
 m - a +0 cloak (worn)
   (You found it on level 3 of the Dungeon)
 o - a +2 helmet (worn)
   (You took it off Robin on level 3 of the Dungeon)
 r - the +1 chain mail of Valour {rPois rCorr}
   (You found it on level 4 of the Dungeon)

   rPois:     It protects you from poison.
   rCorr:     It protects you from acid and corrosion.
Magical Staves
 a - a staff of conjuration {!a}
   (You found it on level 1 of the Dungeon)
Jewellery
 l - an amulet of reflection (around neck)
   (You found it on level 2 of the Dungeon)
Scrolls
 e - a scroll of silence {unknown}
 i - a scroll of brand weapon
 n - a scroll of enchant armour {unknown}
 p - a scroll of amnesia {unknown}
 q - a scroll of magic mapping {unknown}
Potions
 c - a potion of haste {unknown}
 g - a potion of magic
 j - a potion of resistance
 k - 2 potions of curing {@q1}


Message History

There is a staircase to the Ecumenical Temple, spattered with blood here.
You barely miss the orc. The orc hits you with a +0 whip.
You hit the orc.
The orc is poisoned.
The orc barely misses you.
You hit the orc.
You kill the orc!
Your Fire Magic skill increases to level 5!
The orc closely misses you.
Natasha casts a spell.
You climb downwards.
Welcome back to the Ecumenical Temple!
There is a staircase back to the Dungeon here.
You hit the orc.
The orc is poisoned.
The orc barely misses you.
You hit the orc but do no damage.
The orc looks even sicker.
You kill the orc!
No target in view!
No target in view!
You climb upwards.
Welcome back to the Dungeon!
Level annotation: Natasha
There is a staircase to the Ecumenical Temple, spattered with blood here.
The orc warrior hits you with a +0 war axe!
You climb downwards.
Welcome back to the Ecumenical Temple!
There is a staircase back to the Dungeon here.
You barely miss the orc warrior. The orc warrior barely misses you.
You hit the orc warrior but do no damage.
The orc warrior is poisoned.
The orc warrior hits you with a +0 war axe.
You hit the orc warrior but do no damage.
The orc warrior looks even sicker.
The orc warrior completely misses you.
You closely miss the orc warrior. You block the orc warrior's attack.
You barely miss the orc warrior. The orc warrior misses you.
Casting: Foxfire (safe; 2% risk of failure)
You conjure some foxfire!
The orc warrior closely misses you.
The orc warrior hits your foxfire with a +0 war axe.
The orc warrior hits your foxfire with a +0 war axe!
The foxfire hits the orc warrior but does no damage. x2
The orc warrior hits you with a +0 war axe!
* * * LOW HITPOINT WARNING * * *
Casting: Foxfire (safe; 2% risk of failure)
You conjure some foxfire!
The foxfire hits the orc warrior.
The foxfire hits the orc warrior but does no damage.
The orc warrior barely misses you.
Casting: Foxfire (safe; 2% risk of failure)
You conjure some foxfire!
The orc warrior hits you with a +0 war axe!
* * * LOW HITPOINT WARNING * * *
The orc warrior misses your foxfire.
The foxfire hits the orc warrior. x2; You block the orc warrior's attack.
You fade into invisibility!
The orc warrior hits you with a +0 war axe!
You die...

♣♣♣♣♣♣♣♣♣♣♣♣♣♣♣♣♣♣
♣.................
♣.8.....8.........
♣.................
♣.................
♣.................
♣.................
♣............♣.♣.♣
♣@o.....⌠.........
♣.................
♣....<[...........
♣.................
♣.⌠...[.⌠.........
♣............♣.♣.♣
♣.................
♣.................
♣.................


You could see an orc warrior (poisoned).

Vanquished Creatures
  A black bear (D:4)
  A phantom (D:4)
  A howler monkey (D:3)
  A centaur skeleton (D:4)
  An orc wizard (Temple)
  A killer bee zombie (D:4)
  A hound skeleton (D:4)
  Robin (D:3)
  4 adders
  A howler monkey skeleton (D:2)
  A worm (D:2)
  5 dart slugs
  3 orcs
  4 endoplasms
  2 giant cockroaches
  11 goblins
  9 hobgoblins
  5 jackals
  A quokka (D:2)
  4 ball pythons
  6 bats
  A frilled lizard (D:3)
  5 kobolds
  4 rats
74 creatures vanquished.

Vanquished Creatures (others)
  162 foxfires
162 creatures vanquished.

Grand Total: 236 creatures vanquished

Notes
Turn   | Place    | Note
-------+----------+-------------------------------------------
     0 | D:1      | Findor the Human Fire Elementalist began the quest for the
                  | Orb.
     0 | D:1      | Reached XP level 1. HP: 13/13 MP: 3/3
   239 | D:1      | Reached XP level 2. HP: 19/19 MP: 1/5
   701 | D:1      | Found Juasham's Jewellery Shoppe.
   752 | D:1      | Reached XP level 3. HP: 18/24 MP: 4/6
  1357 | D:2      | Reached XP level 4. HP: 23/30 MP: 7/7
  1915 | D:2      | Found a faded altar of an unknown god.
  2123 | D:2      | Learned a level 4 spell: Sticky Flame
  2454 | D:3      | Reached XP level 5. HP: 35/35 MP: 6/9
  2543 | D:3      | Noticed Robin
  2548 | D:3      | Reached skill level 3 in Spellcasting
  2567 | D:3      | Killed Robin
  2568 | D:3      | Reached skill level 4 in Fire Magic
  2793 | D:3      | Found Zin's Purification Station.
  2793 | D:3      | Found a glowing silver altar of Zin.
  2917 | D:3      | Reached skill level 3 in Conjurations
  3197 | D:4      | Noticed an air elemental
  3199 | D:4      | Found a stormy altar of Qazlal.
  3201 | D:4      | Noticed a fire elemental
  3201 | D:4      | Noticed a water elemental
  3243 | D:4      | Noticed a phantom
  3253 | D:4      | Killed a phantom
  3254 | D:4      | Reached XP level 6. HP: 34/41 MP: 5/11
  3680 | D:4      | Identified the +1 chain mail of Valour {rPois rCorr}
  3704 | D:4      | Noticed a black bear
  3720 | D:4      | Killed a black bear
  3721 | D:4      | Reached XP level 7. HP: 12/46 MP: 6/13
  4080 | D:4      | Found a staircase to the Ecumenical Temple.
  4087 | D:4      | Identified the ring "Pogan" {rF+ Slay+6 SInv}
  4093 | D:4      | Noticed Natasha
  4095 | Temple   | Entered the Ecumenical Temple
  4411 | D:4      | Reached skill level 5 in Fire Magic
  4431 | Temple   | HP: 3/46 [orc warrior (15)]
  4434 | Temple   | Mangled by an orc warrior

Levels and vault maps discovered:
D:1:      minmay_arrival_jagged, layout_basic, serial_shops, shop
D:2:      layout_rooms, ebering_ecumenical_altar_rust
D:3:      layout_basic, zin_purify, uniq_robin
D:4:      layout_basic, mainiacjoe_overflow_catwalk,
          nicolae_qazlal_style_of_elements, minmay_temple_entry_glassed_door,
          uniq_natasha
Temple:   jpeg_temple_alley_garden

Action                   |  1- 3 |  4- 6 |  7- 9 || total
-------------------------+-------+-------+-------++-------
Melee: Dagger            |    55 |    65 |    18 ||   138
 Cast: Foxfire           |    35 |    56 |     3 ||    94
  Use: Scroll            |       |     5 |       ||     5
       Potion            |       |       |     1 ||     1
 Stab: Distracted        |     1 |       |       ||     1
       Sleeping          |       |     1 |     1 ||     2
Armor: Robe              |    25 |    32 |     2 ||    59
Dodge: Dodged            |    61 |    71 |     9 ||   141
Block: Other             |       |    31 |     3 ||    34
